 Dungeon Crawl Stone Soup version 0.31.0-9-g3a7656b989 (webtiles) character file.

Game seed: 9341764484352861767

88 qw the Shooter (level 4, 0/25 HPs)
             Began as a Deep Elf Hunter on Feb 2, 2024.
             Succumbed to their own poison gas
             ... on level 2 of the Dungeon.
             The game lasted 00:00:05 (944 turns).

qw the Shooter (Deep Elf Hunter)                     Turns: 944, Time: 00:00:05

Health: 0/25       AC:  6    Str: 10    XL:     4   Next: 29%
Magic:  6/6        EV: 11    Int: 14    God:
Gold:   48         SH:  0    Dex: 18    Spells: 3/3 levels left

rFire   . . .        a - +0 shortbow
rCold   . . .        (shield currently unavailable)
rNeg    . . .        f - +1 ring mail
rPois   .            (no helmet)
rElec   .            (no cloak)
rCorr   .            (no gloves)
SInv    .            (no boots)
Will    .....        (no amulet)
Stlth   +            (no ring)
HPRegen 0.24/turn    (no ring)
MPRegen 0.10/turn

%: no passive effects
@: lethally poisoned (0 -> -5), attractive
A: no striking features
a: no special abilities


You were on level 2 of the Dungeon.
You visited 1 branch of the dungeon, and saw 2 of its levels.

You collected 48 gold pieces.


   Skills:
 - Level 1.5 Fighting
 + Level 7.7 Ranged Weapons
 - Level 2.4 Dodging
 - Level 1.2 Stealth


You had 3 spell levels left.
You didn't know any spells.
Your spell library was empty.

Inventory:

Hand Weapons
 a - a +0 shortbow (weapon)
Armour
 f - a +1 ring mail (worn)
Potions
 b - a potion of enlightenment
 c - a potion of curing {unknown}
 d - a potion of might {unknown}

Dungeon Overview and Level Annotations

Branches:
Dungeon (2/15)

Altars:

Shops:
D:2 =


Message History

As you read the scroll labelled ARAFAO VUMA, it crumbles to dust.
It is a scroll of identify.
934 ||| IDENTIFYING green potion;
b - a potion of enlightenment Done exploring.
935 ||| READING scroll labelled KORODAOSTRO.
The air fills with toxic fumes!
As you read the scroll labelled KORODAOSTRO, it crumbles to dust.
It was a scroll of poison.
Done exploring.
936 ||| DRINKING 2 emerald potions.
It was a potion of attraction.
You feel attractive to monsters.
Done exploring.
937 ||| DROPPING potion of attraction.
You drop a potion of attraction.
Done exploring.
What level of the Dungeon? (default 2, ? - help) Sorry, I don't know how to get there.
Enter note:
Enter note:
Enter note:
Enter note:
Enter note:
Enter note:
Enter note:
Enter note:
Enter note: You are engulfed in poison gas.
You are poisoned.
You feel very sick.
939 ||| Stepping ~*~*~tactically~*~*~ (cloud).
You feel very sick.
You see here a potion of attraction.
There is a lethal amount of poison in your body!
You feel very sick.
There is a lethal amount of poison in your body!
You feel very sick.
There is a lethal amount of poison in your body!
You feel sick.
There is a lethal amount of poison in your body!
You feel sick.
There is a lethal amount of poison in your body!
You die...

...#####.......##
................##
...#.....00¤0¤000##
...#.###.¤0000¤0¤¤#
.....# #.¤¤0¤¤¤0¤0#
)..### #.¤00¤0¤¤0¤#
...# #.¤¤¤¤¤0¤¤0#
#### ##¤000¤¤¤¤0#
### ##¤¤0¤¤¤0@##
..# #.¤¤¤¤0¤¤¤0#
..# ###.00¤¤¤¤0¤0#
..# ##...¤00¤¤0¤¤¤#
..# #..##0¤¤0¤¤¤¤0#
..###.###000¤¤¤¤00#
..#...# ##¤¤¤00¤¤##
....### ##¤0¤¤00##
...## #..#.####


There were no monsters in sight!

Vanquished Creatures
  A gnoll (D:1)
  3 adders (D:2)
  A ribbon worm (D:2)
  3 ball pythons
  6 endoplasms
  4 giant cockroaches
  6 goblins
  A hobgoblin (D:1)
  3 jackals (D:1)
  2 quokkas
  6 bats
  A frilled lizard (D:2)
  3 kobolds (D:1)
  6 rats
46 creatures vanquished.

Notes
Turn   | Place    | Note
-------+----------+-------------------------------------------
     0 | D:1      | qw the Deep Elf Hunter began the quest for the Orb.
     0 | D:1      | Reached XP level 1. HP: 12/12 MP: 3/3
     0 | D:1      | 0 ||| qw: Version: 0.3-a-155-g5e7d8dd
     0 | D:1      | 0 ||| qw: Game counter: 2731
     0 | D:1      | 0 ||| qw: Melee chars always use a shield: true
     0 | D:1      | 0 ||| qw: God list: Okawaru
     0 | D:1      | 0 ||| qw: Allow faded altars: false
     0 | D:1      | 0 ||| qw: Do Orc after clearing Dungeon:15 true
     0 | D:1      | 0 ||| qw: Do second Lair branch before Depths: true
     0 | D:1      | 0 ||| qw: Lair rune preference: random
     0 | D:1      | 0 ||| qw: Goals: Normal
     0 | D:1      | 0 ||| PLANNING D:1-11
    62 | D:1      | Reached skill level 6 in Ranged Weapons
    62 | D:1      | Reached XP level 2. HP: 16/16 MP: 4/4
    85 | D:1      | HP: 3/16 [gnoll/+0 whip (7)]
   217 | D:1      | Reached XP level 3. HP: 20/20 MP: 5/5
   346 | D:1      | Found a faded altar of an unknown god.
   503 | D:1      | 503 ||| UPGRADING to +0 ring mail.
   513 | D:1      | 513 ||| DROPPING +0 leather armour.
   514 | D:1      | 514 ||| READING scroll labelled QOAQEF SAFAING.
   515 | D:1      | 515 ||| DROPPING scroll of butterflies.
   558 | D:2      | Reached skill level 7 in Ranged Weapons
   660 | D:2      | Found Boumara's Jewellery Shoppe.
   714 | D:2      | 714 ||| SHOPLISTING +4 ring of protection (432 gold, have
                  | 33).
   714 | D:2      | 714 ||| SHOPLISTING +6 ring of dexterity (432 gold, have
                  | 33).
   714 | D:2      | 714 ||| SHOPLISTING amulet of regeneration (360 gold, have
                  | 33).
   714 | D:2      | 714 ||| SHOPLISTING ring of fire (300 gold, have 33).
   714 | D:2      | 714 ||| SHOPLISTING ring of protection from fire (300 gold,
                  | have 33).
   714 | D:2      | 714 ||| SHOPLISTING ring of see invisible (180 gold, have
                  | 33).
   764 | D:2      | Reached XP level 4. HP: 25/25 MP: 6/6
   932 | D:2      | 932 ||| READING scroll labelled OBEELU GIYH.
   933 | D:2      | 933 ||| READING scroll labelled PUADAET ZUQAF.
   933 | D:2      | 933 ||| ENCHANTING +0 ring mail.
   934 | D:2      | 934 ||| READING scroll labelled ARAFAO VUMA.
   934 | D:2      | 934 ||| IDENTIFYING green potion
   935 | D:2      | 935 ||| READING scroll labelled KORODAOSTRO.
   936 | D:2      | 936 ||| DRINKING 2 emerald potions.
   937 | D:2      | 937 ||| DROPPING potion of attraction.
   939 | D:2      | 939 ||| Stepping ~*~*~tactically~*~*~ (cloud).
   940 | D:2      | HP: 6/25 [poisoned by you (poison gas)]
   942 | D:2      | HP: 1/25 [poisoned by you (poison gas)]
   944 | D:2      | Succumbed to their own poison gas

Levels and vault maps discovered:
D:1:      roderic_dead_forest, layout_basic,
          hellmonk_ecumenical_altar_crossroads
D:2:      layout_rooms, serial_shops, shop

Skill      XL: |  1  2  3 |
---------------+----------+-----
Ranged Weapons | 6 7 |  7.7
Fighting       | |  1.5
Dodging        | |  2.4
Stealth        | |  1.2

Action                     |  1- 3 |  4- 6 || total
---------------------------+-------+-------++-------
   Fire: Shortbow          |   116 |    21 ||   137
    Use: Scroll            |     1 |     4 ||     5
         Potion            |       |     1 ||     1
 Armour: Leather armour    |    16 |       ||    16
         Ring mail         |    11 |     3 ||    14
  Dodge: Dodged            |    39 |     9 ||    48

Table legend:
 A = Non-vault XP
 B = Vault XP
 C = Vault XP percentage of total XP
 D = Non-vault monster count
 E = Vault monster count
 F = Vault count percentage of total count
                 A         B        C        D         E       F
            +---------+---------+-------+---------+---------+-------
      Total |     126 |       0 |   0.0 |      46 |       0 |   0.0
            +---------+---------+-------+---------+---------+-------
        D:1 |      56 |       0 |   0.0 |      26 |       0 |   0.0
        D:2 |      70 |       0 |   0.0 |      20 |       0 |   0.0
            +---------+---------+-------+---------+---------+-------
